 Dungeon Crawl Stone Soup version 0.24.0-13-gcf9b319 (webtiles) character file.

Game seed: 3059888740288244596, levelgen mode: deterministic

303 Balder the Chopper (level 6, -5/55 HPs)
             Began as a Hill Orc Fighter on Dec 27, 2019.
             Killed by nerve-wracking pain
             ... invoked by Grinder
              (9 damage)
             ... on level 3 of the Dungeon.
             The game lasted 00:08:45 (3245 turns).

Balder the Chopper (Hill Orc Fighter)               Turns: 3245, Time: 00:08:46

Health: -5/55      AC: 10    Str: 19    XL:     6   Next: 38%
Magic:  6/6        EV:  8    Int:  8    God:
Gold:   100        SH:  9    Dex: 12    Spells: 5/5 levels left

rFire    . . .     SeeInvis .   a - +0 war axe
rCold    . . .     Gourm    .   c - +0 shield
rNeg     . . .     Faith    .   b - +0 scale mail
rPois    .         Spirit   .   m - +2 helmet
rElec    .         Reflect  .   (no cloak)
rCorr    .         Harm     .   (no gloves)
MR       .....                  (no boots)
Stlth    ..........             (no amulet)
HPRegen  0.18/turn              (no ring)
MPRegen  0.10/turn              (no ring)

@: no status effects
A: no striking features
a: no special abilities


You were on level 3 of the Dungeon.
You were not hungry.

You visited 1 branch of the dungeon, and saw 3 of its levels.

You collected 100 gold pieces.

Inventory:

Hand Weapons
 a - a +0 war axe (weapon)
Armour
 b - a +0 scale mail (worn)
 c - a +0 shield (worn)
 m - a +2 helmet (worn)
Jewellery
 i - a cursed ring of attention {unknown}
 n - an uncursed amulet of magic regeneration {unknown}
Wands
 d - a wand of random effects (14)
Scrolls
 e - 2 scrolls of identify {unknown}
 h - 2 scrolls of teleportation {unknown}
 j - 2 scrolls of blinking {unknown}
 o - a scroll of fear {unknown}
Potions
 k - a potion of agility {unknown}
 l - a potion of brilliance {unknown}
Comestibles
 f - 4 rations
 g - a chunk of flesh


   Skills:
 * Level 4.8 Fighting
 * Level 5.1 Axes
 * Level 4.2 Armour
 + Level 1.1 Dodging
 + Level 0.6 Stealth
 * Level 4.7 Shields


You had 5 spell levels left.
You didn't know any spells.
Your spell library was empty.

Dungeon Overview and Level Annotations

Branches:
Dungeon (3/15)

Altars:
Ashenzari

Annotations:
D:3 Grinder


Message History

Found a stone staircase leading down.
Grinder says, "I used to sell toenails on the black market."
Found a ring mail.
Terence screams, "I'm going to kill you!"
Evoke which item? (* to show all) (? for menu, Esc to quit)
Aiming: Random Effects
Press: ? - help, Shift-Dir - straight line, f/p - Terence
Aim: Terence, wielding a +0 trident and wearing a +0 chain mail (heavily wounded)
The bolt of negative energy hits Terence!
Terence is drained!
You kill Terence!
The bolt of negative energy hits Grinder.
Grinder completely resists.
Grinder is lightly wounded.
Grinder gestures at you. Pain shoots through your body!
* * * LOW HITPOINT WARNING * * *
Grinder gestures at you. Pain shoots through your body!
You die...

.# #.#....#######># .#
#.###### #.# ## #.# #
#.# #.# #. #.###### .#
#.### #......#
....##.###..###.#
#>#.##......###.#
#.#.######..##..#
#.#@..## #....#.##
#..)...###.#.###.##
#.###.......##..##
##.## #......5.......##
##.# #...#...........##
##.##
#[..##.....#.###.###.##
#.. ##...##.# ##.#.##
.. #.####.# #.^.# #.#
#.# ##..#


You could see Grinder.

Vanquished Creatures
  A sky beast (D:2)
  Terence (D:3)
  Robin (D:2)
  9 adders (D:2)
  2 oozes (D:1)
  A worm (D:2)
  3 dart slugs
  2 leopard geckos (D:1)
  3 giant cockroaches
  9 hobgoblins
  3 jackals (D:1)
  3 quokkas (D:2)
  7 ball pythons
  7 bats
  3 frilled lizards
  14 goblins
  4 kobolds
  6 rats
79 creatures vanquished.

Notes
Turn   | Place    | Note
-------+----------+-------------------------------------------
     0 | D:1      | Balder the Hill Orc Fighter began the quest for the Orb.
     0 | D:1      | Reached XP level 1. HP: 19/19 MP: 1/1
   114 | D:1      | Reached XP level 2. HP: 27/27 MP: 2/2
   275 | D:1      | Reached XP level 3. HP: 32/33 MP: 3/3
   544 | D:1      | Reached skill level 3 in Axes
  1000 | D:2      | Noticed Robin
  1006 | D:2      | Reached XP level 4. HP: 32/40 MP: 4/4
  1020 | D:2      | Killed Robin
  1814 | D:2      | Reached XP level 5. HP: 28/47 MP: 5/5
  2291 | D:2      | Reached skill level 4 in Axes
  2300 | D:2      | Reached skill level 1 in Dodging
  2481 | D:2      | Noticed a sky beast
  2508 | D:2      | Killed a sky beast
  2508 | D:2      | Reached skill level 5 in Axes
  2508 | D:2      | Reached XP level 6. HP: 29/53 MP: 6/6
  3152 | D:3      | Found a shattered altar of Ashenzari.
  3218 | D:3      | Noticed Grinder
  3219 | D:3      | Noticed Terence
  3227 | D:3      | Paralysed by Grinder for 7 turns
  3244 | D:3      | Killed Terence
  3245 | D:3      | Killed from afar by Grinder

Levels and vault maps discovered:
D:1:      dpeg_arrival_chase, layout_loops_ring, nrook_mini_vaults
D:2:      layout_loops_corners, minmay_snake_closets, uniq_robin
D:3:      layout_loops_ring, lemuel_doored_altar, uniq_jessica, uniq_grinder,
          uniq_terence

Skill      XL: |  1  2  3  4  5 |
---------------+----------------+-----
Fighting       | 4 |  4.8
Axes           | 3 5 |  5.1
Shields        | 4 |  4.7
Dodging        | 1 |  1.1
Armour         | 4 |  4.2
Stealth        | |  0.6

Action                   |  1- 3 |  4- 6 || total
-------------------------+-------+-------++-------
Melee: War axe           |   105 |   199 ||   304
Evoke: Wand              |       |     2 ||     2
  Use: Potion            |       |     2 ||     2
  Eat: Chunk             |       |     5 ||     5
       Ration            |       |     1 ||     1
Armor: Scale mail        |    53 |   109 ||   162
Dodge: Dodged            |    36 |    56 ||    92
Block: Shield            |    49 |   113 ||   162
